 Dungeon Crawl Stone Soup version 0.31-a0-867-g9b2fd80f0c (webtiles) character file.

Game seed: 9923194061433164508

291 BinkBink the Covered (level 6, -3/56 HPs)
             Began as a Minotaur Fighter on Oct 11, 2023.
             Was an Initiate of Qazlal.
             Slain by Edmund
             ... wielding a +4 flail of protection
              (9 damage)
             ... on level 4 of the Dungeon.
             The game lasted 00:04:06 (2188 turns).

BinkBink the Covered (Minotaur Fighter)             Turns: 2188, Time: 00:04:08

Health: -3/56      AC:  8    Str: 23    XL:     6   Next: 10%
Magic:  5/5        EV: 10    Int:  5    God:    Qazlal [......]
Gold:   194        SH:  4    Dex:  9    Spells: 5/5 levels left

rFire   . . .        r - +2 hand axe (heavy)
rCold   + . .        c - +0 buckler
rNeg    . . .        x - +1 ring mail {rC+}
rPois   .            (helmet restricted)
rElec   .            (no cloak)
rCorr   .            (no gloves)
SInv    .            p - +0 pair of boots
Will    .....        f - amulet of the acrobat Stlth
                     (no ring)
HPRegen 0.29/turn    (no ring)
MPRegen 0.09/turn

%: acrobat
@: no status effects
A: horns 2, retaliatory headbutt
a: Renounce Religion


You were on level 4 of the Dungeon.
You worshipped Qazlal.
Qazlal was noncommittal.
You visited 1 branch of the dungeon, and saw 4 of its levels.

You collected 194 gold pieces.

Inventory:

Hand Weapons
 a - a +0 trident
 r - a +2 heavy hand axe (weapon)
Armour
 c - a +0 buckler (worn)
 p - a +0 pair of boots (worn)
 x - a +1 ring mail of cold resistance (worn)
Jewellery
 f - an amulet of the acrobat (around neck)
 y - a ring of resist corrosion
Wands
 q - a wand of quicksilver (9)
 w - a wand of polymorph (7)
Scrolls
 b - a scroll of fear {unknown}
 i - a scroll of brand weapon {unknown}
 l - a scroll of silence {unknown}
 m - a scroll of poison {unknown}
 n - 2 scrolls of teleportation {unknown}
 s - 3 scrolls of identify {unknown}
 v - a scroll of enchant armour {unknown}
 z - 3 scrolls of fog {unknown}
 A - a scroll of enchant weapon {unknown}
Potions
 d - 2 potions of might
 e - a potion of invisibility {unknown}
 g - 4 potions of curing {unknown}
 h - a potion of lignification {unknown}
 j - a potion of degeneration {unknown}
 k - a potion of enlightenment {unknown}
 o - a potion of haste {unknown}
 t - a potion of berserk rage {unknown}
 u - 2 potions of mutation {unknown}


   Skills:
 + Level 5.0 Fighting
 + Level 2.4(3.5) Axes
 - Level 3.9(4.3) Polearms
 + Level 5.1 Armour
 + Level 5.0 Shields


You had 5 spell levels left.
You didn't know any spells.
Your spell library contained the following spells:

 Spells                   Type           Power      Damage    Failure   Level
 Shock                    Conj/Air       0%         1d3       69%         1
 Summon Guardian Golem    Hex/Summ       0%         N/A       96%         3
 Orb of Destruction       Conj           0%         9d5       100%        7
 Spellforged Servitor     Conj/Summ      0%         N/A       100%        7


Dungeon Overview and Level Annotations

Branches:
Dungeon (4/15)
 Temple: D:4-7

Altars:
Ashenzari
Gozag
Hepliaklqana
Qazlal
Trog
Uskayaw
Xom
Yredelemnul

Shops:
D:4 :

Annotations:
D:3 3 runed translucent doors, gyole's ghost, amateur NaSh
D:4 Edmund


Innate Abilities, Weirdness & Mutations

You have a pair of horns on your head.
You reflexively headbutt those who attack you in melee.


Message History

You slash Edmund!
Edmund is lightly wounded.
Edmund hits you with a +4 flail of protection.
You hit Edmund but do no damage.
Edmund is lightly wounded.
Edmund hits you but does no damage.
Edmund hits you with a +4 flail of protection.
You hit Edmund but do no damage.
Edmund is lightly wounded.
Edmund closely misses you.
Edmund hits you with a +4 flail of protection.
You hit Edmund but do no damage.
Edmund is lightly wounded.
Edmund hits you but does no damage.
You slash Edmund!
Edmund is moderately wounded.
Edmund hits you with a +4 flail of protection!
You block Edmund's attack.
You slash Edmund!
Edmund is heavily wounded.
Edmund hits you with a +4 flail of protection!
Edmund hits you with a +4 flail of protection.
You slash Edmund!
Edmund is severely wounded.
You hear the brisk rusting of a drain very nearby.
Edmund barely misses you.
Edmund hits you with a +4 flail of protection!
You barely miss Edmund. You headbutt Edmund, but do no damage.
Edmund is severely wounded.
Edmund hits you with a +4 flail of protection!
* * * LOW HITPOINT WARNING * * *
A ball python comes into view.
The ball python hisses angrily.
You slash Edmund!
Edmund is almost dead.
Edmund hits you with a +4 flail of protection!
* * * LOW HITPOINT WARNING * * *
Edmund hits you with a +4 flail of protection!
You die...
Edmund says, "I'd like to see a scythe do that!"

..###........#.##.#≈≈.###......#
###......#.....##.+..∩..+.....##
#..#..#....#....###.≈≈#....##
.........####......#.≈####..#
....................#+## ##.##
..##~~~~~##.#....[.>...# #..###
.. #~~~~~##.#..........# ##...#
. ~. ...~≈.#..........# ###.. .
~~S...@@......# ##. .
~≈.#..........#### ##. ..
≈~......)........#####..
~~.#...........#........ ##
#...............###..
#..........####.###..
#$.........####......
..............##....##
####........##.......#


You could see Edmund and a ball python.

Vanquished Creatures
  A scorpion (D:4)
  A gnoll bouda (D:4)
  Ijyb (D:3)
  Terence (D:3)
  5 gnolls (D:4)
  3 adders
  A worm (D:3)
  2 dart slugs (D:1)
  4 orcs (D:3)
  7 ball pythons
  8 endoplasms
  3 giant cockroaches
  3 goblins
  7 hobgoblins
  2 jackals (D:1)
  7 kobolds
  A quokka (D:2)
  8 bats
  5 frilled lizards
  7 rats
77 creatures vanquished.

Notes
Turn   | Place    | Note
-------+----------+-------------------------------------------
     0 | D:1      | BinkBink the Minotaur Fighter began the quest for the Orb.
     0 | D:1      | Reached XP level 1. HP: 19/19 MP: 0/0
    49 | D:1      | Reached XP level 2. HP: 26/27 MP: 1/1
   274 | D:1      | Reached XP level 3. HP: 33/33 MP: 2/2
  1148 | D:3      | Found a runed translucent gate.
  1152 | D:3      | Found a runed translucent gate.
  1152 | D:3      | Found a runed translucent gate.
  1153 | D:3      | Noticed gyole's ghost (amateur NaSh)
  1154 | D:3      | Identified the +2 leather armour of the Pleiades {Str+4
                  | Dex+3}
  1184 | D:3      | Reached XP level 4. HP: 40/40 MP: 3/3
  1317 | D:3      | Found a faded altar of an unknown god.
  1325 | D:3      | Got an inconspicuous book
  1386 | D:3      | Found a hazy altar of Hepliaklqana.
  1386 | D:3      | Found a stormy altar of Qazlal.
  1396 | D:3      | Found a broken altar of Ashenzari.
  1397 | D:3      | Found a bloodstained altar of Trog.
  1400 | D:3      | Became a worshipper of Qazlal Stormbringer
  1402 | D:3      | Found a shimmering altar of Xom.
  1402 | D:3      | Found a hide-covered altar of Uskayaw.
  1404 | D:3      | Found an opulent altar of Gozag.
  1409 | D:3      | Found a basalt altar of Yredelemnul.
  1437 | D:3      | Noticed Ijyb
  1451 | D:3      | Killed Ijyb
  1534 | D:3      | Reached skill level 1 in Axes
  1612 | D:3      | Noticed Terence
  1620 | D:3      | Killed Terence
  1621 | D:3      | Reached XP level 5. HP: 31/47 MP: 4/4
  1942 | D:4      | Found Jonugg's Book Boutique.
  1984 | D:4      | Reached skill level 5 in Fighting
  1984 | D:4      | Reached skill level 5 in Armour
  1984 | D:4      | Reached skill level 5 in Shields
  1984 | D:4      | Reached XP level 6. HP: 20/56 MP: 5/5
  2175 | D:4      | Noticed Edmund
  2188 | D:4      | Slain by Edmund

Illustrated notes

Levels and vault maps discovered:
D:1:      ncdulo_wetmaze, layout_basic
D:2:      layout_rooms
D:3:      layout_basic, nicolae_overflow_hallway_of_the_gods,
          shapermc_ecumenical_altar_rom_forum, biasface_ghost_orc_armoury,
          uniq_terence, uniq_ijyb
D:4:      layout_rooms, cheibrodos_sewer_entry_sluice, serial_shops,
          nicolae_shop_hallway_plus, uniq_edmund

Skill      XL: |  1  2  3  4  5 |
---------------+----------------+-----
Polearms       | 3 |  3.9
Shields        | 4 5 |  5.0
Fighting       | 4 5 |  5.0
Armour         | 4 5 |  5.1
Axes           | 1 2 |  2.4

Action                     |  1- 3 |  4- 6 || total
---------------------------+-------+-------++-------
  Melee: Trident           |   100 |    19 ||   119
         Headbutt          |    10 |    11 ||    21
         Hand axe          |       |    52 ||    52
         Unarmed           |       |     9 ||     9
 Armour: Scale mail        |    42 |    14 ||    56
         Ring mail         |       |    45 ||    45
         Skin              |       |     8 ||     8
  Dodge: Dodged            |    37 |    54 ||    91
  Block: Buckler           |    10 |    19 ||    29

Table legend: (Time is in decaauts)
 A = Elapsed time spent in this place.
 B = Non-inter-level travel time spent in this place.
 C = Inter-level travel time spent in this place.
 D = Time resting spent in this place.
 E = Time spent auto-exploring this place.
 F = Levels seen in this place.
 G = Mean time per level.
                   A        B        C        D        E       F      G
               +--------+--------+--------+--------+--------+-----+--------+
         Total |   2251 |   2183 |     68 |    107 |   1490 |   4 |  562.8 |
       Dungeon |   2251 |   2183 |     68 |    107 |   1490 |   4 |  562.8 |
               +--------+--------+--------+--------+--------+-----+--------+

Top non-repeatable levels by time:
     D:3: 740 daAuts
     D:1: 581 daAuts
     D:2: 571 daAuts
     D:4: 357 daAuts
